 Dungeon Crawl Stone Soup version 0.22-a0-305-gd21a89c (webtiles) character file.

37527 vishdafish the Pandemonic (level 13, -2/103 HPs)
             Began as a Demonspawn Fighter on Mar 29, 2018.
             Was a High Priest of Makhleb.
             Killed from afar by Harold (28 damage)
             ... with a wand of acid (9)
             ... on level 1 of the Lair of Beasts.
             The game lasted 00:36:41 (14771 turns).

vishdafish the Pandemonic (Demonspawn Fighter)     Turns: 14771, Time: 00:36:42

Health: -2/103     AC: 18    Str: 16    XL:     13   Next: 58%
Magic:  23/23      EV: 10    Int: 21    God:    Makhleb [*****.]
Gold:   625        SH: 10    Dex: 13    Spells: 12/12 levels left

rFire    . . .     SeeInvis .   k - +1 demon blade (flame)
rCold    + + +     Gourm    .   c - +0 shield
rNeg     + . .     Faith    .   A - +4 chain mail {rC+}
rPois    .         Spirit   .   (no helmet)
rElec    .         Reflect  .   y - +0 cloak
rCorr    .         Harm     .   U - +2 pair of gloves of the Princeling {rC+ Int+6}
MR       .....                  (no boots)
Stlth    ..........             (no amulet)
HPRegen  0.27/turn              Q - ring of positive energy
MPRegen  0.18/turn              G - ring of protection from cold

@: corroded, hasted, very quick
A: talons 2, iridescent scales 1, powered by death 3, spiny 2
a: Minor Destruction, Lesser Servant of Makhleb, Major Destruction, Greater
Servant of Makhleb, Renounce Religion


You were on level 1 of the Lair of Beasts.
You worshipped Makhleb.
Makhleb was extremely pleased with you.
You were not hungry.

You visited 3 branches of the dungeon, and saw 17 of its levels.
You also visited: Ossuary.

You collected 989 gold pieces.
You spent 364 gold pieces at shops.

Inventory:

Hand Weapons
 a - a +0 long sword
 d - a +2 long sword
 k - a +1 demon blade of flaming (weapon)
Armour
 b - a +0 scale mail
 c - a +0 shield (worn)
 y - a +0 cloak (worn)
 A - a +4 chain mail of cold resistance (worn)
 M - the cursed -5 robe of Misfortune {-Cast *Contam *Tele *Drain EV-5 Stlth-- *Curse, unknown}
   (You took it off a crimson imp on level 9 of the Dungeon)

   It affects your evasion (-5).
   It prevents spellcasting.
   It may teleport you next to monsters.
   It curses itself when equipped.
   It causes magical contamination when unequipped.
   It causes draining when unequipped.
   It makes you much less stealthy.
   It has a curse placed upon it.
 U - the +2 pair of gloves of the Princeling (worn) {rC+ Int+6}
   (You acquired it on level 1 of the Lair of Beasts)

   It affects your intelligence (+6).
   It protects you from cold.
Jewellery
 e - an uncursed ring of see invisible
 w - an uncursed ring of magical power
 E - an uncursed ring of positive energy
 G - a ring of protection from cold (right hand)
 Q - a ring of positive energy (left hand)
 T - an uncursed ring of wizardry
Wands
 t - a wand of disintegration (11)
 z - a wand of flame (25)
 C - a wand of clouds (7)
 D - a wand of acid (6)
 H - a wand of enslavement (22)
 J - a wand of paralysis (17)
 N - a wand of random effects (33)
Scrolls
 g - 5 scrolls of enchant weapon
 i - 4 scrolls of immolation
 j - 8 scrolls of remove curse
 l - 8 scrolls of amnesia
 m - a scroll of blinking {unknown}
 o - a scroll of fog
 p - a scroll of noise
 q - 5 scrolls of enchant armour
 x - 2 scrolls of magic mapping
 B - 2 scrolls of teleportation
 K - 2 scrolls of identify
Potions
 n - 4 potions of lignification
 r - a potion of agility
 s - 3 potions of magic
 u - 7 potions of brilliance
 v - 2 potions of haste
 F - 4 potions of flight {unknown}
 I - a potion of degeneration {unknown}
 L - a potion of berserk rage {unknown}
 O - a potion of mutation
 P - a potion of invisibility {unknown}
 R - 2 potions of cancellation {unknown}
Comestibles
 f - 25 rations


   Skills:
 + Level 10.0 Fighting
 * Level 9.9 Long Blades
 + Level 9.2 Armour
 + Level 9.9 Dodging
 + Level 6.5 Shields
 - Level 14.0 Invocations


You had 12 spell levels left.
You didn't know any spells.

Dungeon Overview and Level Annotations

Branches:
Dungeon (14/15)            Temple (1/1) D:4            Lair (2/6) D:8
  Snake (0/4) Lair:2          Orc (0/2) D:9
  Swamp: Lair:2-4    Shoals: Lair:2-4    Vaults: D:13-14

Altars:
Ashenzari
Cheibriados
Dithmenos
Elyvilon
Fedhas
Gozag
Hepliaklqana
Kikubaaqudgha
Makhleb
Nemelex Xobeh
Okawaru
Qazlal
Ru
Sif Muna
Trog
Uskayaw
Vehumet
Wu Jian
Xom
Yredelemnul
Zin
The Shining One

Shops:
D:10 !   D:14 [

Annotations:
D:6 2 transporters
D:8 5 runed doors
D:11 exclusion: ice statue
D:13 Frances
Lair:1 Harold
Lair:2 Urug


Innate Abilities, Weirdness & Mutations

You have razor-sharp toenails.
You are partially covered in iridescent scales. (AC +2)
You regenerate a lot of health from kills.
You are mostly covered in sharp spines.


Message History

Harold is heavily wounded.
You block the yak's attack. x2; The yak is struck by your spines.
The yak completely misses you.
You hit Harold but do no damage. Your kick misses Harold.
Harold is heavily wounded.
Harold zaps a wand.
The bolt of acid hits you! The acid corrodes you!
You are splashed with acid!
The acid burns!
The yak gores you. You block the yak's attack.
Unknown command.
Unknown command.
You hit Harold. You burn Harold.
Harold is severely wounded.
You block the yak's attack. Harold misses you. The yak gores you!
* * * LOW HITPOINT WARNING * * *
The yak is struck by your spines. The yak gores you.
* * * LOW HITPOINT WARNING * * *
You feel yourself speed up. The yak gores you but does no damage.
The yak is struck by your spines. The yak closely misses you.
Harold zaps a wand.
The bolt of acid hits you!
You die...

##.....##.##+##....## #...#..
##..................#######...###
...............≈≈≈≈....(.........
.............≈≈≈≈≈≈≈≈............
.............≈≈≈≈≈≈≈≈............
............≈≈≈≈≈≈≈≈≈≈...........
.............≈≈≈≈≈≈≈≈≈..........#
##.....P##.##.≈@Y≈≈≈≈...........#
##.....##..#..≈.@Y.≈..#####.#...#
##..........##..Y...........#...#
##.....P#...##..............+....
##.....##...................#....
##.[...##...##.(.................
##.....##....#...#..........#....
##.....####......####..#..###....
##......# ##.#+.#......(.(.).....
##..#+#†###.....###...(#...÷.....


You could see Harold and 3 yaks.

Vanquished Creatures
  Erolcha (D:12)
  Erica (Lair:1)
  6 two-headed ogres
  A catoblepas (D:14)
  A centaur warrior (D:13)
  A tengu warrior (D:13)
  5 death yaks
  The ghost of Thaneod the Arsonist, a novice DEFE of Vehumet (D:10)
  Pikel (D:4)
  3 oklob plants (Lair:1)
  2 deep elf magi
  13 ugly things
  A manticore (D:12)
  Joseph (Lair:1)
  Maurice (D:8)
  2 gargoyles (D:12)
  A torpor snail (Lair:1)
  A spiny frog (Lair:1)
  A komodo dragon (D:11)
  An efreet (D:12)
  A rime drake (Lair:2)
  A tengu conjurer (D:14)
  The ghost of crawlian the Magician, a novice DEFE of Vehumet (D:6)
  4 trolls
  2 hornets (D:8)
  Grinder (D:5)
  5 hippogriffs
  Sigmund (D:3)
  8 yaks
  Eustachio (D:5)
  2 basilisks
  5 wraiths
  4 vampire mosquitoes (D:14)
  A hungry ghost (D:12)
  Grum (Lair:1)
  Menkaure (Ossuary)
  An acid dragon (D:14)
  A soldier ant (D:8)
  Edmund (D:6)
  Duvessa (D:6)
  7 water moccasins
  4 porcupines
  4 orc warriors
  2 ice beasts
  An eye of draining (D:14)
  A black bear (D:11)
  2 phantoms
  4 sky beasts
  6 ogres
  6 wolves
  4 centaurs
  A crocodile (D:13)
  6 big kobolds
  12 bullfrogs
  Dowan (D:6)
  A water moccasin skeleton (D:4)
  3 scorpions
  11 killer bees
  5 howler monkeys
  12 wights
  An electric eel (Lair:1)
  A centaur zombie (D:5)
  6 crimson imps
  A bullfrog zombie (D:12)
  3 quasits
  6 orc priests
  A jelly (D:5)
  3 hounds
  11 orc wizards
  2 bullfrog skeletons (D:8)
  3 iguanas
  11 worker ants
  2 mummies (Ossuary)
  3 gnolls (D:6)
  13 adders
  4 shadow imps
  3 adder skeletons
  A worm (D:4)
  2 dart slugs
  5 leopard geckos
  85 orcs
  A ball python (D:2)
  2 giant cockroaches
  6 gnoll zombies
  9 goblins
  12 hobgoblins
  24 jackals
  8 quokkas
  9 bats
  6 frilled lizards
  4 gnoll skeletons (Ossuary)
  A goblin skeleton (Ossuary)
  3 goblin zombies (Ossuary)
  A hobgoblin skeleton (Ossuary)
  24 kobolds
  2 kobold skeletons (Ossuary)
  2 kobold zombies (Ossuary)
  An orc skeleton (Ossuary)
  3 orc zombies (Ossuary)
  A quokka skeleton (D:7)
  A quokka zombie (D:8)
  7 rats
  4 rat skeletons (Ossuary)
  3 rat zombies (Ossuary)
482 creatures vanquished.

Vanquished Creatures (collateral kills)
  Josephine (D:12)
  4 ugly things
  A cyclops (D:11)
  An acid dragon (D:11)
  An orc warrior (D:12)
  A crocodile (D:11)
  An orc priest (D:12)
  An orc (D:12)
  2 kobolds (D:11)
13 creatures vanquished.

Vanquished Creatures (others)
  A mummy (Ossuary)
  A gnoll zombie (Ossuary)
  A gnoll skeleton (Ossuary)
  A goblin skeleton (Ossuary)
  A goblin zombie (Ossuary)
  3 hobgoblin skeletons (Ossuary)
  2 hobgoblin zombies (Ossuary)
  4 kobold skeletons (Ossuary)
  A kobold zombie (Ossuary)
  3 orc skeletons (Ossuary)
  4 orc zombies (Ossuary)
  A rat zombie (Ossuary)
  A plant (Lair:1)
24 creatures vanquished.

Grand Total: 519 creatures vanquished

Notes
Turn   | Place    | Note
-------+----------+-------------------------------------------
     0 | D:1      | vishdafish the Demonspawn Fighter began the quest for the Orb.
     0 | D:1      | Reached XP level 1. HP: 18/18 MP: 1/1
   268 | D:1      | Gained mutation: You have sharp toenails. [demonic ancestry]
   268 | D:1      | Reached XP level 2. HP: 24/24 MP: 2/2
   542 | D:1      | Gained mutation: You are partially covered in iridescent scales. (AC +2) [demonic ancestry]
   542 | D:1      | Reached XP level 3. HP: 29/29 MP: 3/3
  1127 | D:2      | Gained mutation: You are partially covered in sharp spines. [demonic ancestry]
  1127 | D:2      | Reached XP level 4. HP: 19/35 MP: 4/4
  1645 | D:3      | Noticed Sigmund
  1656 | D:3      | Killed Sigmund
  1656 | D:3      | Gained mutation: You regenerate a little health from kills. [demonic ancestry]
  1656 | D:3      | Reached XP level 5. HP: 22/42 MP: 5/5
  1841 | D:3      | Gained mutation: You regenerate health from kills. [demonic ancestry]
  1841 | D:3      | Reached XP level 6. HP: 39/48 MP: 6/6
  1992 | D:3      | Found a snail-covered altar of Cheibriados.
  2478 | D:4      | Found a staircase to the Ecumenical Temple.
  2493 | Temple   | Entered the Ecumenical Temple
  2552 | Temple   | Became a worshipper of Makhleb the Destroyer
  2817 | D:4      | Gained mutation: You are mostly covered in sharp spines. [demonic ancestry]
  2817 | D:4      | Reached XP level 7. HP: 55/55 MP: 7/7
  2920 | D:4      | Noticed Pikel
  2954 | D:4      | Killed Pikel
  2954 | D:4      | Reached skill level 5 in Fighting
  2954 | D:4      | Reached skill level 5 in Shields
  3067 | D:4      | Gained mutation: You have razor-sharp toenails. [demonic ancestry]
  3067 | D:4      | Reached XP level 8. HP: 63/63 MP: 8/8
  3117 | D:4      | Found a basalt altar of Yredelemnul.
  3477 | D:5      | Entered Level 5 of the Dungeon
  3502 | D:5      | Reached skill level 5 in Armour
  3502 | D:5      | Reached skill level 1 in Dodging
  3503 | D:5      | Found a sand-covered staircase.
  3513 | Ossuary  | Entered an ossuary
  3521 | Ossuary  | Reached * piety under Makhleb
  3752 | Ossuary  | Noticed Menkaure
  3762 | Ossuary  | Killed Menkaure
  3766 | Ossuary  | Reached ** piety under Makhleb
  3997 | D:5      | Noticed Eustachio
  4023 | D:5      | Killed Eustachio
  4089 | D:5      | Reached skill level 5 in Long Blades
  4089 | D:5      | Reached skill level 1 in Invocations
  4180 | D:5      | Reached skill level 2 in Invocations
  4251 | D:5      | Noticed Grinder
  4267 | D:5      | Killed Grinder
  4267 | D:5      | Reached skill level 3 in Invocations
  4404 | D:5      | Reached XP level 9. HP: 69/69 MP: 11/11
  4544 | D:6      | Noticed Edmund
  4667 | D:6      | Found a transporter.
  4688 | D:6      | Noticed crawlian's ghost (novice DEFE)
  4696 | D:6      | Killed crawlian's ghost
  4696 | D:6      | Reached skill level 4 in Invocations
  4705 | D:6      | Noticed Duvessa
  4707 | D:6      | Noticed Dowan
  4831 | D:6      | Killed Duvessa
  4866 | D:6      | Killed Dowan
  4866 | D:6      | Reached *** piety under Makhleb
  5264 | D:6      | Found a transporter.
  5284 | D:6      | Killed Edmund
  5531 | D:7      | Reached skill level 5 in Invocations
  5813 | D:7      | Reached skill level 5 in Dodging
  5873 | D:7      | Reached skill level 6 in Invocations
  6047 | D:7      | Reached **** piety under Makhleb
  6291 | D:8      | Found the +9 staff of Olgreb {rPois}
  6300 | D:8      | Found a runed gate.
  6301 | D:8      | Found a runed door.
  6319 | D:8      | Reached XP level 10. HP: 73/79 MP: 15/15
  6324 | D:8      | Found a runed gate.
  6324 | D:8      | Found a runed gate.
  6339 | D:8      | Found a runed door.
  6490 | D:8      | Noticed a two-headed ogre
  6495 | D:8      | Killed a two-headed ogre
  6495 | D:8      | Reached skill level 7 in Invocations
  6557 | D:8      | Paralysed by a hornet for 2 turns
  6648 | D:8      | Noticed a death yak
  6649 | D:8      | Noticed a death yak
  6659 | D:8      | Noticed a death yak
  6663 | D:8      | Killed a death yak
  6663 | D:8      | Reached skill level 8 in Invocations
  6665 | D:8      | Killed a death yak
  6667 | D:8      | Killed a death yak
  6667 | D:8      | Reached skill level 9 in Invocations
  6722 | D:8      | Found a staircase to the Lair.
  7295 | D:9      | Noticed Maurice
  7373 | D:8      | Gained mutation: You regenerate a lot of health from kills. [demonic ancestry]
  7373 | D:8      | Reached XP level 11. HP: 86/86 MP: 17/17
  7374 | D:8      | Killed Maurice
  7596 | D:9      | Noticed a two-headed ogre
  7608 | D:9      | Killed a two-headed ogre
  7633 | D:9      | Reached ***** piety under Makhleb
  7636 | D:9      | Got a thick robe
  7747 | D:9      | Found a staircase to the Orcish Mines.
  8175 | D:10     | Entered Level 10 of the Dungeon
  8189 | D:10     | Noticed Thaneod's ghost (novice DEFE)
  8203 | D:10     | Killed Thaneod's ghost
  8203 | D:10     | Reached skill level 10 in Invocations
  8544 | D:10     | Found Afofoarr's Distillery.
  8552 | D:10     | Bought a potion of haste for 130 gold pieces
  8552 | D:10     | Bought a potion of heal wounds for 65 gold pieces
  8552 | D:10     | Bought a potion of mutation for 104 gold pieces
  8552 | D:10     | Bought a potion of heal wounds for 65 gold pieces
  8618 | D:10     | Noticed a white ugly thing
  8643 | D:10     | Killed a white ugly thing
  8749 | D:10     | Noticed a two-headed ogre
  8754 | D:10     | Killed a two-headed ogre
  9205 | D:11     | You fall through a shaft for 3 floors!
  9205 | D:14     | Noticed a white ugly thing
  9205 | D:14     | Noticed a white ugly thing
  9205 | D:14     | Noticed a white ugly thing
  9205 | D:14     | Noticed a two-headed ogre
  9437 | D:14     | Noticed a brown ugly thing
  9448 | D:14     | Noticed a catoblepas
  9555 | D:14     | Noticed a brown ugly thing
  9566 | D:14     | Noticed a brown ugly thing
  9570 | D:14     | Noticed a brown ugly thing
  9576 | D:14     | Killed a brown ugly thing
  9587 | D:14     | Killed a brown ugly thing
  9589 | D:14     | Killed a white ugly thing
  9597 | D:14     | Killed a red ugly thing
  9641 | D:13     | Reached skill level 11 in Invocations
  9685 | D:13     | Noticed Frances
  9851 | D:13     | Noticed a deep elf mage
  9853 | D:13     | Noticed an eight-headed hydra
  9861 | D:13     | Identified a scroll of acquirement
  9879 | D:13     | Killed a deep elf mage
 10358 | D:12     | Noticed Erolcha
 10366 | D:12     | Killed Erolcha
 10366 | D:12     | Reached XP level 12. HP: 54/94 MP: 20/20
 10873 | D:11     | Noticed a two-headed ogre
 10890 | D:11     | Killed a two-headed ogre
 11150 | D:11     | Reached skill level 12 in Invocations
 11578 | D:12     | Noticed Josephine
 11630 | D:12     | Killed Josephine
 12073 | D:12     | Noticed a two-headed ogre
 12079 | D:12     | Killed a two-headed ogre
 12450 | D:14     | Killed a two-headed ogre
 12518 | D:14     | Reached skill level 13 in Invocations
 12848 | D:13     | Reached XP level 13. HP: 101/101 MP: 22/22
 13084 | D:14     | Found Lisydeni's Antique Armour Shoppe.
 13439 | Lair:1   | Entered Level 1 of the Lair of Beasts
 13494 | Lair:1   | Noticed Grum
 13508 | Lair:1   | Killed Grum
 13701 | Lair:1   | Noticed Joseph
 13727 | Lair:1   | Killed Joseph
 13816 | Lair:1   | Got a pair of polished gloves
 13822 | Lair:1   | Identified the +2 pair of gloves of the Princeling {rC+ Int+6} (You acquired it on level 1 of the Lair of Beasts)
 14080 | Lair:1   | Noticed Erica
 14091 | Lair:1   | Killed Erica
 14637 | Lair:1   | Reached skill level 10 in Fighting
 14637 | Lair:1   | Reached skill level 14 in Invocations
 14665 | Lair:2   | Found a staircase to the Snake Pit.
 14735 | Lair:2   | Noticed Harold
 14736 | Lair:2   | Noticed Urug
 14771 | Lair:1   | Killed from afar by Harold

Vault maps used:
D:1:      sevenhm_arrival_forest_fort_large_2
D:3:      cheibriados_altar_1, uniq_sigmund
D:4:      lemuel_zombie_altar_yredelemnul, minmay_temple_entry_trees, uniq_pikel
D:5:      first_ration, nicolae_ossuary_entry_monument, uniq_eustachio,
          uniq_grinder
D:6:      gammafunk_cloud_chamber, uniq_edmund, uniq_duvessa
D:7:      minmay_opposing_rooms
D:8:      dpeg_lair_monsters, hangedman_pestilent_swarm,
          minmay_guarded_unrand_staff_of_olgreb
D:9:      hiddenorc2_lemuel, uniq_maurice
D:10:     serial_shops, shop_fountains
D:11:     cheibrodos_frozen_isle, grunt_decor_clamped, grunt_decor_one_mirror
D:12:     uniq_erolcha, uniq_josephine
D:13:     grunt_vaults_entry_tiered, uniq_frances
D:14:     serial_shops, shop, glass_columns_a
Temple:   dpeg_three_leaves_temple
Lair:1:   st_stairs_5, lemuel_fruit_tree, grunt_megastairs_3,
          infiniplex_staircase_pool, minmay_lair_oklob_chamber,
          serial_bayou_shore_b, uniq_joseph, uniq_erica, uniq_grum
Lair:2:   dummy_snake_entry, beast_lair_carwin_2, uniq_harold, uniq_urug
Ossuary:  ossuary_due_pyramid

Skill      XL: |  1  2  3  4  5  6  7  8  9 10 11 12 13 |
---------------+----------------------------------------+-----
Long Blades    | 2 3 4 5 6 7 9 |  9.9
Shields        | 3 4 5 6 |  6.5
Armour         | 3 4 5 6 7 8 9 |  9.2
Fighting       | 4 5 6 7 8 9 10 | 10.0
Dodging        | 3 5 7 8 9 |  9.9
Invocations    | 3 6 9 11 13 14 | 14.0

Action                   |  1- 3 |  4- 6 |  7- 9 | 10-12 | 13-15 || total
-------------------------+-------+-------+-------+-------+-------++-------
Melee: Long sword        |   115 |    99 |   346 |   327 |       ||   887
       Kick              |    20 |    30 |    90 |   183 |    88 ||   411
       Demon blade       |       |       |       |   301 |   222 ||   523
Throw: Throwing net      |       |       |       |     1 |       ||     1
Invok: Minor Destruction |       |       |       |     4 |       ||     4
       Major Destruction |       |       |       |     3 |       ||     3
       Lesser Servant of |       |       |       |    14 |     1 ||    15
Evoke: Wand              |       |       |     5 |    35 |     1 ||    41
  Use: Scroll            |     4 |       |     7 |    12 |     3 ||    26
       Potion            |       |     2 |     1 |     5 |     6 ||    14
 Stab: Paralysed         |       |       |       |    28 |       ||    28
       Distracted        |       |       |       |     1 |       ||     1
  Eat: Chunk             |       |     5 |     3 |    19 |     2 ||    29
       Ration            |       |       |     3 |     1 |     2 ||     6
Armor: Scale mail        |    64 |    33 |    64 |       |       ||   161
       Chain mail        |       |       |    36 |   296 |   166 ||   498
Dodge: Dodged            |    34 |    22 |    81 |   175 |    91 ||   403
Block: Shield            |    65 |    40 |   185 |   276 |   128 ||   694
       Rpst.: Long sword |    12 |     6 |    25 |    27 |       ||    70
       Demon blade       |       |       |       |    23 |    31 ||    54

Table legend:
 A = Spawn XP
 B = Non-spawn XP
 C = Spawn XP percentage of total XP
 D = Spawn monster count
 E = Non-spawn monster count
 F = Spawn count percentage of total count
 G = Total turns spent on level
                    A         B        C        D         E        F      G
               +---------+---------+-------+---------+---------+-------+---------
         Total |       0 |   53610 |   0.0 |       0 |     490 |   0.0 | 14771
               +---------+---------+-------+---------+---------+-------+---------
           D:1 |       0 |      50 |   0.0 |       0 |      28 |   0.0 |  1129
           D:2 |       0 |      72 |   0.0 |       0 |      22 |   0.0 |   492
           D:3 |       0 |     507 |   0.0 |       0 |      34 |   0.0 |   852
           D:4 |       0 |     811 |   0.0 |       0 |      17 |   0.0 |   934
           D:5 |       0 |    1250 |   0.0 |       0 |      29 |   0.0 |   890
           D:6 |       0 |    1060 |   0.0 |       0 |      28 |   0.0 |   860
           D:7 |       0 |    1548 |   0.0 |       0 |      30 |   0.0 |   756
           D:8 |       0 |    6011 |   0.0 |       0 |      36 |   0.0 |  1099
           D:9 |       0 |    2008 |   0.0 |       0 |      51 |   0.0 |   842
          D:10 |       0 |    2947 |   0.0 |       0 |      26 |   0.0 |  1022
          D:11 |       0 |    5113 |   0.0 |       0 |      42 |   0.0 |   911
          D:12 |       0 |    7049 |   0.0 |       0 |      43 |   0.0 |  1496
          D:13 |       0 |    4545 |   0.0 |       0 |      15 |   0.0 |   841
          D:14 |       0 |   10400 |   0.0 |       0 |      25 |   0.0 |   948
        Lair:1 |       0 |    8244 |   0.0 |       0 |      25 |   0.0 |  1211
        Lair:2 |       0 |    1857 |   0.0 |       0 |      13 |   0.0 |   121
       Ossuary |       0 |     138 |   0.0 |       0 |      26 |   0.0 |   297
               +---------+---------+-------+---------+---------+-------+---------
